 Dungeon Crawl Stone Soup version 0.14-a0-181-gf6fe0c6 (webtiles) character file.

311 PolkaDot the Ruinous (level 4, -1/28 HPs)
             Began as a Vampire Wizard on Oct 6, 2013.
             Slain by an orc
             ... wielding a +1,+2 orcish hand axe
              (4 damage)
             ... on Level 3 of the Dungeon.
             The game lasted 00:09:09 (2138 turns).

PolkaDot the Ruinous (Vampire Wizard)               Turns: 2138, Time: 00:09:09

HP  -1/28        AC  3     Str  7      XL: 4   Next: 90%
MP  12/12        EV 12     Int 20      God:
Gold 181         SH  0     Dex 12      Spells:  3 memorised,  2 levels left

Res.Fire  : . . .   See Invis. : +   d - +0,+2 short sword (vamp)
Res.Cold  : . . .   Warding    : .   a - +0 robe
Life Prot.: . . .   Conserve   : .   (no shield)
Res.Poison: .       Res.Corr.  : .   b - +0 wizard hat
Res.Elec. : .       Clarity    : .   (no cloak)
Sust.Abil.: . .     Spirit.Shd : .   n - +0 pair of gauntlets
Res.Mut.  : .       Stasis     : .   (no boots)
Res.Rott. : .       Flight     : .   (no amulet)
Saprovore : . . .                    (no ring)
                                     (no ring)

@: regenerating very quickly, somewhat resistant to hostile enchantments,
stealthy
A: fangs 3, see invisible, magic resistance 1, unbreathing
a: no special abilities


You were on level 3 of the Dungeon.
You were almost alive.

You visited 1 branch of the dungeon, and saw 3 of its levels.

You collected 161 gold pieces.

Inventory:

Hand weapons
 d - a +0,+2 vampiric short sword (weapon)
Armour
 a - a +0 robe (worn)
 b - a +0 wizard hat (worn)
 n - a +0 pair of gauntlets (worn)
Scrolls
 e - 2 scrolls of teleportation {unknown}
 f - 4 scrolls of identify {unknown}
 h - a scroll of enchant weapon I {unknown}
 i - a scroll of amnesia {unknown}
 j - a scroll of enchant weapon II {unknown}
 k - 2 scrolls of remove curse {unknown}
 m - a scroll of blinking {unknown}
 o - a scroll of curse armour {unknown}
Potions
 g - 4 potions of heal wounds
 l - a potion of curing
 p - a potion of might {unknown}
Books
 c - a book of Minor Magic

   Spells                             Type                      Level
   *Magic Dart                        Conjuration                  1
   Blink                              Translocation                2
   Call Imp                           Summoning                    2
   Repel Missiles                     Charms/Air                   2
   Slow                               Hexes                        2
   *Conjure Flame                     Conjuration/Fire             3
   *Mephitic Cloud                    Conjuration/Poison/Air       3


   Skills:
 - Level 2.1 Dodging
 - Level 3.0 Stealth
 - Level 3.0 Spellcasting
 * Level 3.5 Conjurations
   Level 1.0 Summonings
   Level 0.7 Translocations


You had 2 spell levels left.
You knew the following spells:

 Your Spells              Type           Power        Failure   Level  Hunger
a - Magic Dart            Conj           ###.         3%          1    None
d - Mephitic Cloud        Conj/Pois/Air  #.......     30%         3    ###....
s - Conjure Flame         Conj/Fire      ##......     21%         3    ###....


Dungeon Overview and Level Annotations

Branches:
Dungeon (3/27)

Altars:


Innate Abilities, Weirdness & Mutations

Your natural rate of healing is extremely fast.
You have razor-sharp teeth.*
You have supernaturally acute eyesight.
You can survive without breathing.*
You are resistant to hostile enchantments.+


Message History

The orc is severely wounded.
The orc priest utters an invocation to Beogh.
You feel a wave of unholy energy pass over you.
The orc hits you with an orcish mace.
You barely miss the orc.
The orc is severely wounded.
The orc priest mumbles some strange prayers to Beogh against you.
Something smites you!
Ouch! That really hurt!
The orc misses you.
You hit the orc.
You feel better.
You kill the orc!
You barely miss the orc. The orc barely misses you.
You closely miss the orc. The orc hits you but does no damage.
You completely miss the orc.
The orc priest invokes the aid of Beogh against you.
Something smites you!
* * * LOW HITPOINT WARNING * * *
The orc hits you with an orcish hand axe.
You die...

#.# #..... #.# #.....
#.# #.....
##########>#####....
........>............
#######.############
#...# ##########.###
.....ooo@...#
##########..# #..#
#..# #..# ...# ....
##.#


You could see an orc priest and 2 orcs.

Vanquished Creatures
  Jessica (D:3)
  5 adders
  A gnoll (D:1)
  A worm (D:2)
  3 orcs (D:3)
  8 bats
  4 giant cockroaches
  6 goblins
  7 hobgoblins
  3 jackals
  8 kobolds
  A quokka (D:3)
  2 giant newts
  5 rats
55 creatures vanquished.

Notes
Turn   | Place    | Note
--------------------------------------------------------------
     0 | D:1      | PolkaDot, the Vampire Wizard, began the quest for the Orb.
     0 | D:1      | Reached XP level 1. HP: 11/11 MP: 6/6
   115 | D:1      | Reached skill level 1 in Conjurations
   281 | D:1      | Reached XP level 2. HP: 17/17 MP: 0/8
   900 | D:2      | Reached XP level 3. HP: 18/22 MP: 1/10
  1779 | D:3      | Noticed Jessica
  1785 | D:3      | Killed Jessica
  1785 | D:3      | Reached XP level 4. HP: 22/28 MP: 4/12
  1917 | D:3      | Gained mutation: You are clumsy. (Dex -2) [potion of mutation]
  1917 | D:3      | Lost mutation: You are clumsy. (Dex -2) [potion of mutation]
  1917 | D:3      | Gained mutation: You are resistant to hostile enchantments. [potion of mutation]
  2087 | D:3      | Learned a level 3 spell: Conjure Flame
  2091 | D:3      | Learned a level 3 spell: Mephitic Cloud
  2138 | D:3      | Slain by an orc

Action                   |  1- 3 |  4- 6 || total
-------------------------+-------+-------++-------
Melee: Unarmed           |    18 |    45 ||    63
       Short sword       |       |    24 ||    24
 Cast: Magic Dart        |    98 |    27 ||   125
  Use: Potion            |       |     6 ||     6
 Stab: Distracted        |       |     1 ||     1
